 Dungeon Crawl Stone Soup version 0.24.1-11-gbbbb2193e6 (webtiles) character file.

Game seed: 14495743022829211999, levelgen mode: deterministic

431 Mrkan the Ruffian (level 6, 0/62 HPs)
             Began as a Troll Berserker on May 15, 2020.
             Was a Priest of Trog.
             Succumbed to an orc wizard's poison
             ... on level 4 of the Dungeon.
             The game lasted 00:05:05 (2420 turns).

Mrkan the Ruffian (Troll Berserker)                 Turns: 2420, Time: 00:05:05

Health: 0/62       AC:  7    Str: 26    XL:     6   Next: 66%
Magic:  5/5        EV: 10    Int:  5    God:    Trog [***...]
Gold:   197        SH:  0    Dex:  9    Spells: 5/5 levels left

rFire    . . .     SeeInvis .     - Unarmed
rCold    . . .     Gourm    +   (no shield)
rNeg     . . .     Faith    .   a - +0 animal skin
rPois    .         Spirit   .   (helmet restricted)
rElec    .         Reflect  .   k - +0 cloak
rCorr    .         Harm     .   (gloves unavailable)
MR       .....                  (boots unavailable)
Stlth    +.........             (no amulet)
HPRegen  0.60/turn              (no ring)
MPRegen  0.09/turn              (no ring)

@: lethally poisoned (0 -> -13), lightly drained
A: large, unfitting armour, claws 3, fast metabolism 3, gourmand, regeneration
1, shaggy fur 1, tough skin 3
a: Berserk, Trog's Hand, Renounce Religion


You were on level 4 of the Dungeon.
You worshipped Trog.
Trog was most pleased with you.
You were completely stuffed.

You visited 1 branch of the dungeon, and saw 4 of its levels.

You collected 197 gold pieces.

Inventory:

Hand Weapons
 q - a +2 flail of draining
 t - a +0 morningstar
Armour
 a - a +0 animal skin (worn)
 k - a +0 cloak (worn)
 u - a scarf of cloud immunity
Jewellery
 p - an uncursed amulet of magic regeneration {unknown}
Wands
 l - a wand of random effects (19)
Scrolls
 c - a scroll of blinking {unknown}
 f - 5 scrolls of remove curse {unknown}
 g - 2 scrolls of teleportation {unknown}
 i - a scroll of fear {unknown}
 j - a scroll of enchant weapon {unknown}
 m - a scroll of identify {unknown}
 n - a scroll of immolation {unknown}
 o - a scroll of enchant armour {unknown}
Potions
 d - 2 potions of curing {unknown}
 e - 2 potions of ambrosia {unknown}
 h - a potion of resistance {unknown}
 r - 2 potions of heal wounds {unknown}
Comestibles
 b - 4 rations
 s - a chunk of flesh


   Skills:
 + Level 4.1(3.5) Fighting
 - Level 2.4(1.8) Dodging
 * Level 6.4(5.8) Unarmed Combat


You had 5 spell levels left.
You didn't know any spells.
Your spell library was empty.

Dungeon Overview and Level Annotations

Branches:
Dungeon (4/15)
 Temple: D:4-7

Altars:
Ashenzari
Dithmenos
Fedhas
Kikubaaqudgha
Nemelex Xobeh

Annotations:
D:3 2 transporters


Innate Abilities, Weirdness & Mutations

You are too large for most types of armour.
You have claws for hands.
Your metabolism is lightning-fast.
You like to eat raw meat.
Your natural rate of healing is unusually fast.
You are covered in fur. (AC +1)
You have extremely tough skin. (AC +3)


Message History

The orc wizard is lightly wounded.
* * * LOW HITPOINT WARNING * * *
You feel sick.
The orc wizard hits you but does no damage.
You are more poisoned.
You hear some strange, mumbled words.
Something tries to affect you, but you resist.
The orc barely misses you.
You scratch the orc.
The orc is almost dead.
* * * LOW HITPOINT WARNING * * *
You feel very sick.
The orc wizard casts a spell.
The orc wizard blinks!
The orc throws a stone.
The stone hits you but does no damage. The orc hits you but does no damage.
Something hits you.
* * * LOW HITPOINT WARNING * * *
You closely miss the orc.
The orc is almost dead.
You die...

#....#
.....###+#####....
##...##.....##....
##...##......#...#
#>...#.......#...##
#....#.......#....#
#..).#.......+...(#
##.))##.....##.{o.#
#....##.....##((@.#
#+###..÷....(.oo§##
#...........o#
#...........<.+
+.............#
###.....##?...#
#.....##....#
..).....+....#
.......##...##


You could see an orc wizard and 3 orcs.

Vanquished Creatures
  A phantom (D:4)
  Dowan (D:4)
  Crazy Yiuf (D:2)
  3 orc wizards
  Jessica (D:2)
  A hound skeleton (D:4)
  3 adders
  2 worms
  5 dart slugs
  2 leopard geckos (D:2)
  16 orcs
  4 giant cockroaches
  8 hobgoblins
  6 jackals
  6 quokkas
  2 ball pythons
  5 bats
  5 frilled lizards
  4 goblins
  5 kobolds
  8 rats
  4 fungi (D:3)
  A plant (D:3)
94 creatures vanquished.

Vanquished Creatures (others)
  A jackal (D:1)
1 creature vanquished.

Grand Total: 95 creatures vanquished

Notes
Turn   | Place    | Note
-------+----------+-------------------------------------------
     0 | D:1      | Mrkan the Troll Berserker began the quest for the Orb.
     0 | D:1      | Reached XP level 1. HP: 22/22 MP: 0/0
   254 | D:1      | Reached XP level 2. HP: 26/29 MP: 1/1
   653 | D:2      | Reached XP level 3. HP: 32/36 MP: 2/2
   672 | D:2      | Reached skill level 4 in Unarmed Combat
   710 | D:2      | Noticed Jessica
   716 | D:2      | Killed Jessica
   716 | D:2      | Reached XP level 4. HP: 43/45 MP: 3/3
   775 | D:2      | Found a runed translucent door.
   776 | D:2      | Noticed Crazy Yiuf
   790 | D:2      | Killed Crazy Yiuf
   818 | D:2      | Reached ** piety under Trog
  1250 | D:3      | Reached skill level 5 in Unarmed Combat
  1250 | D:3      | Reached XP level 5. HP: 39/53 MP: 4/4
  1277 | D:3      | Found a blossoming altar of Fedhas.
  1309 | D:3      | HP: 2/53 [orc/+0 trident (8)]
  1599 | D:3      | Found an ancient bone altar of Kikubaaqudgha.
  1633 | D:3      | Found a shadowy altar of Dithmenos.
  1637 | D:3      | Found a transporter.
  1649 | D:3      | Found a transporter.
  1732 | D:3      | Found a sparkling altar of Nemelex Xobeh.
  1739 | D:3      | Reached *** piety under Trog
  2287 | D:4      | Found a shattered altar of Ashenzari.
  2308 | D:4      | Noticed a phantom
  2326 | D:4      | Noticed Dowan
  2334 | D:4      | Killed Dowan
  2334 | D:4      | Reached XP level 6. HP: 25/62 MP: 5/5
  2339 | D:4      | Reached skill level 6 in Unarmed Combat
  2419 | D:4      | HP: 3/62 [poisoned by an orc wizard]
  2420 | D:4      | Succumbed to an orc wizard's poison

Levels and vault maps discovered:
D:1:      wheals_arrival_shading, layout_basic, minmay_misc_feat_rows
D:2:      layout_loops_ring, uniq_jessica, uniq_crazy_yiuf_cottage
D:3:      layout_basic, lemuel_doored_altar, kiku_gazebo_pond_becter,
          fedhas_altar_3, gammafunk_temple_overflow_arena,
          hangedman_decor_growths
D:4:      layout_gridville, marbit_many_paths, minmay_temple_entry_hall,
          uniq_duvessa

Skill      XL: |  1  2  3  4  5  6 |
---------------+-------------------+-----
Unarmed Combat | 4 5 6 |  6.4
Fighting       | 3 4 |  4.1
Dodging        | |  2.4

Action                   |  1- 3 |  4- 6 || total
-------------------------+-------+-------++-------
Melee: Unarmed           |    51 |   207 ||   258
       Punch             |       |     5 ||     5
 Stab: Sleeping          |       |     1 ||     1
  Eat: Chunk             |     5 |    23 ||    28
Armor: Animal skin       |    20 |   121 ||   141
Dodge: Dodged            |    19 |   133 ||   152
